 Dungeon Crawl Stone Soup version 0.29-a0-322-g68df515428 (webtiles) character file.

Game seed: 6311760906160521278

529 Flugslaktarn the Stinger (level 7, 0/75 HPs)
             Began as a Human Venom Mage on Apr 5, 2022.
             Engulfed by a cloud of flame (4 damage)
             ... on level 5 of the Dungeon.
             The game lasted 00:09:25 (1605 turns).

Flugslaktarn the Stinger (Human Venom Mage)         Turns: 1605, Time: 00:09:26

Health: 0/75       AC: 23    Str:  9    XL:     7   Next: 48%
Magic:  2/11       EV:  2    Int: 17    God:
Gold:   120        SH:  0    Dex: 13    Spells: 2/12 levels left

rFire   . . .      SeeInvis .   u - +3 dagger (speed)
rCold   . . .      Faith    .   (no shield)
rNeg    + . .      Spirit   .   (body armour currently unavailable)
rPois   +          Reflect  .   (helmet currently unavailable)
rElec   .          Harm     .   (cloak currently unavailable)
rCorr   +          Rampage  .   (gloves currently unavailable)
Will    .....      NoTele   +   (boots currently unavailable)
Stlth   ++........              (no amulet)
HPRegen 0.22/turn               o - ring of resist corrosion
MPRegen 0.12/turn               x - ring of positive energy

@: mighty, tree-form
A: stationary, stasis, torment immunity, boosted hp, (hooves 1), robust 1,
(sturdy frame 1)
a: no special abilities


You were on level 5 of the Dungeon.
You were a tree.
You visited 1 branch of the dungeon, and saw 5 of its levels.
You also visited: Ossuary.

You collected 120 gold pieces.

Inventory:

Hand Weapons
 f - a +1 dagger of holy wrath
   (You took it off a kobold on level 1 of the Dungeon)
 j - a +0 dagger of draining
   (You found it on level 1 of the Dungeon)
 t - a +0 long sword
   (You found it on level 4 of the Dungeon)
 u - a +3 dagger of speed (weapon)
   (You took it off a goblin on level 4 of the Dungeon)
Armour
 a - a +0 robe
 e - an orb of guile
   (You found it on level 1 of the Dungeon)
 p - a +0 cloak (melded)
   (You found it on level 3 of the Dungeon)
 s - a +0 pair of gloves (melded)
   (You found it on level 3 of the Dungeon)
 B - the +4 ring mail of the End (melded) {Will+ MP+9 Int-2}
   (You found it on level 5 of the Dungeon)

   Int:       It affects your intelligence (-2).
   MP:        It affects your magic capacity (+9).
   Will:      It increases your willpower.
Jewellery
 o - a ring of resist corrosion (left branch)
   (You found it on level 1 of the Dungeon)
 x - a ring of positive energy (right branch)
   (You found it on level 4 of the Dungeon)
 D - a ring of ice
   (You found it on level 5 of the Dungeon)
Wands
 m - a wand of polymorph (3)
   (You found it on level 3 of the Dungeon)
 z - a wand of digging (7)
   (You found it on level 4 of the Dungeon)
Scrolls
 d - a scroll of vulnerability
 g - 2 scrolls of magic mapping
 i - a scroll of holy word
 y - a scroll of enchant weapon
 A - a scroll of fear
Potions
 b - 2 potions of magic
 c - a potion of brilliance
 h - a potion of degeneration


   Skills:
 - Level 2.0 Dodging
 - Level 2.0 Stealth
 - Level 3.0 Spellcasting
 - Level 1.0 Conjurations
 - Level 2.0 Transmutations
 - Level 2.0 Air Magic
 + Level 6.9 Poison Magic


You had 2 spell levels left.
You knew the following spells:

 Your Spells              Type           Power      Damage    Failure   Level
a - Sting                 Tmut/Pois      68%        1d6       2%          1
b - Poisonous Vapours     Pois/Air       34%        N/A       4%          2
c - Mephitic Cloud        Conj/Pois/Air  13%        N/A       14%         3
d - Olgreb's Toxic Radia  Pois           26%        N/A       10%         4

Your spell library contained the following spells:

 Spells                   Type           Power      Damage    Failure   Level
 Ignite Poison            Fire/Tmut/Pois 12%        N/A       16%         3
 Conjure Flame            Conj/Fire      4%         6-21      38%         3
 Sticky Flame             Conj/Fire      4%         2d3       80%         4


Dungeon Overview and Level Annotations

Branches:
Dungeon (5/15)            Ossuary (visited)
 Temple: D:4-7

Altars:
The Shining One

Shops:
D:1 :

Annotations:
D:4 exclusion: downstairs


Innate Abilities, Weirdness & Mutations

You are a tree.
Your roots penetrate the ground, keeping you stationary.
You cannot be teleported.
You are immune to unholy pain and torment.
Your maximum health is greatly increased.
Your equipment is partially melded.
((You have large cloven feet.))
You are robust. (+10% HP)
((Your movements are slightly less encumbered by armour. (ER -2)))


Message History

You destroy the phantom!
The scorpion stings you but does no damage.
You barely miss the scorpion. The scorpion barely misses you.
Casting: Mephitic Cloud (dangerous; 16% risk of failure)
Confirm with . or Enter, or press ? or * to list all spells.
Aiming: Mephitic Cloud (dangerous; 16% risk of failure)
Press: ? - help, Shift-Dir - straight line, f - howler monkey, p - scorpion
Aim: a howler monkey (chance to affect: 86%)
The ball explodes into a vile cloud!
The stinking cloud engulfs the howler monkey but does no damage.
The stinking cloud engulfs the scorpion but does no damage.
The howler monkey is engulfed in noxious fumes.
The howler monkey appears confused.
The scorpion is engulfed in noxious fumes.
The howler monkey is engulfed in noxious fumes.
Unknown command.
Casting: Mephitic Cloud (dangerous; 16% risk of failure)
Confirm with . or Enter, or press ? or * to list all spells.
You begin to radiate toxic energy.
The howler monkey is poisoned.
The scorpion is poisoned.
The howler monkey looks even sicker.
The scorpion looks even sicker.
The howler monkey is engulfed in noxious fumes.
The howler monkey appears confused.
Your +1 dagger of holy wrath stops glowing.
Your branches tingle!
u - a +3 dagger of speed (weapon)
The howler monkey looks even sicker.
Your toxic aura wanes.
The scorpion is engulfed in noxious fumes.
The scorpion appears confused.
The howler monkey hits the scorpion.
The scorpion is engulfed in noxious fumes.
The scorpion appears confused.
You kill the scorpion!
Your Poison Magic skill increases to level 6!
You have reached level 7!
You cannot move.
Unknown command.
You swing at nothing.
You swing at nothing.
You swing at nothing.
You swing at nothing.
You cannot move.
You swing at nothing.
You swing at nothing.
You swing at nothing.
You swing at nothing.
You swing at nothing.
You swing at nothing.
You swing at nothing.
You kill the howler monkey!
Aiming: Polymorph
Press: ? - help, Shift-Dir - straight line, f - water moccasin
Aim: a water moccasin (will become a steam dragon, a hornet, or a wyvern, chance to affect: 49%)
Okay, then.
Unknown command.
As you read the scroll of identify, it crumbles to dust.
i - a scroll of holy word Unknown command.
Unknown command.
As you read the scroll labelled GOUPLY QOF BET, it crumbles to dust.
You hear a loud clanging noise!
It was a scroll of noise.
Unknown command.
Unknown command.
As you read the scroll labelled QOHES VOUTIYCE, it crumbles to dust.
The creatures around you are filled with an inner flame!
It was a scroll of immolation.
Unknown command.
Unknown command.
Unknown command.
Unknown command.
Casting: Olgreb's Toxic Radiance (dangerous; 13% risk of failure)
Confirm with . or Enter, or press ? or * to list all spells.
Aiming: Sting (safe; 3% risk of failure)
Press: ? - help, Shift-Dir - straight line, f - water moccasin
Aim: a water moccasin (inner flame, 57% to hit)
The sting hits the water moccasin.
The water moccasin partially resists.
The water moccasin is poisoned.
Flame seeps out of the water moccasin.
The water moccasin is lightly wounded.
The water moccasin is engulfed in blazing flames.
Flame seeps out of the water moccasin.
You hit the water moccasin.
Flame seeps out of the water moccasin.
The water moccasin is severely wounded.
Flame seeps out of the water moccasin.
The water moccasin is engulfed in blazing flames.
The water moccasin explodes!
The fiery explosion engulfs you!
* * * LOW HITPOINT WARNING * * *
Unknown command.
Okay, then.
Unknown command.
Okay, then.
You swing at nothing.
You are engulfed in blazing flames.
* * * LOW HITPOINT WARNING * * *
You swing at nothing.
You are engulfed in blazing flames.
You swing at nothing.
You are engulfed in blazing flames.
You swing at nothing.
You are engulfed in blazing flames.
* * * LOW HITPOINT WARNING * * *
You swing at nothing.
You are engulfed in blazing flames.
You die...

##### ... #......#
..s. #......# ....
#...... #...
#..##.####
##...###..##'##.##
#.....>..........#
#.............§§§#
#.............§<♣#
###..##....#...§##
###..##'#########
..........#
..........#
.[.†......#
..........#
..........#
.........#######


There were no monsters in sight!

Vanquished Creatures
  A water moccasin (D:5)
  A phantom (D:5)
  2 scorpions (D:5)
  A howler monkey (D:5)
  A crimson imp (D:3)
  2 hounds
  A mummy (D:4)
  An adder (D:3)
  An ufetubus (D:5)
  3 worms
  3 orcs
  4 bats
  3 endoplasms
  3 giant cockroaches
  12 goblins
  3 hobgoblins
  3 jackals (D:2)
  A kobold (D:1)
  2 quokkas
  6 ball pythons
  6 frilled lizards
  A goblin skeleton (D:3)
  3 goblin zombies (D:3)
  4 hobgoblin zombies (D:3)
  A kobold skeleton (D:3)
  An orc skeleton (D:3)
  2 orc zombies (D:3)
  A rat (D:1)
73 creatures vanquished.

Vanquished Creatures (others)
  2 withered plants (Ossuary)
2 creatures vanquished.

Grand Total: 75 creatures vanquished

Notes
Turn   | Place    | Note
-------+----------+-------------------------------------------
     0 | D:1      | Flugslaktarn the Human Venom Mage began the quest for the
                  | Orb.
     0 | D:1      | Reached XP level 1. HP: 13/13 MP: 3/3
    93 | D:1      | Reached XP level 2. HP: 12/19 MP: 0/5
   113 | D:1      | Learned a level 2 spell: Poisonous Vapours
   295 | D:1      | Found Xuepif's Book Shoppe.
   391 | D:2      | Reached XP level 3. HP: 11/24 MP: 2/6
   429 | D:2      | Reached skill level 1 in Air Magic
   450 | D:2      | HP: 1/24 [quokka (1)]
   738 | D:3      | Found a glowing golden altar of the Shining One.
   777 | D:3      | Reached XP level 4. HP: 20/30 MP: 7/7
  1042 | D:3      | Reached XP level 5. HP: 30/35 MP: 6/9
  1112 | D:4      | Reached skill level 4 in Poison Magic
  1218 | D:4      | Found a sand-covered staircase.
  1227 | Ossuary  | Entered an ossuary
  1359 | D:4      | Learned a level 3 spell: Mephitic Cloud
  1364 | D:4      | Learned a level 4 spell: Olgreb's Toxic Radiance
  1379 | D:5      | Entered Level 5 of the Dungeon
  1379 | D:5      | Noticed a phantom
  1448 | D:5      | Reached skill level 1 in Conjurations
  1448 | D:5      | Reached XP level 6. HP: 21/41 MP: 6/10
  1472 | D:5      | Identified the +4 ring mail of the End {Will+ MP+9 Int-2}
  1474 | D:5      | Noticed a water moccasin
  1511 | D:5      | Reached skill level 5 in Poison Magic
  1566 | D:5      | Gained mutation: You have large cloven feet. [potion of
                  | mutation]
  1566 | D:5      | Gained mutation: Your movements are slightly less
                  | encumbered by armour. (ER -2) [potion of mutation]
  1566 | D:5      | Gained mutation: You are robust. (+10% HP) [potion of
                  | mutation]
  1575 | D:5      | HP: 1/67 [phantom (6)]
  1585 | D:5      | Reached skill level 6 in Poison Magic
  1585 | D:5      | Reached XP level 7. HP: 25/50 MP: 1/11
  1600 | D:5      | Killed a water moccasin
  1605 | D:5      | Engulfed by a cloud of flame

Illustrated notes

Levels and vault maps discovered:
D:1:      lemuel_arrival_hallway, layout_basic, serial_shops, shop,
          chequers_serial_rivers_large_b, minivault_26
D:2:      layout_rooms
D:3:      layout_loops_ring, nicolae_tso_besieged_by_evil
D:4:      layout_basic, old_standard_altar, nicolae_ossuary_entry_ruins,
          minmay_goblin_kobold_house
D:5:      layout_gridville

Skill      XL: |  1  2  3  4  5  6 |
---------------+-------------------+-----
Transmutations | 2 |  2.0
Air Magic      | 2 |  2.0
Spellcasting   | 3 |  3.0
Poison Magic   | 4 6 |  6.9
Conjurations   | 1 |  1.0
Dodging        | |  2.0
Stealth        | |  2.0

Action                   |  1- 3 |  4- 6 |  7- 9 || total
-------------------------+-------+-------+-------++-------
Melee: Unarmed           |    10 |       |       ||    10
       Dagger            |    54 |    89 |     1 ||   144
       Kick              |       |     1 |       ||     1
 Cast: Sting             |    33 |    44 |     1 ||    78
       Mephitic Cloud    |       |     2 |       ||     2
       Olgreb's Toxic Ra |       |     1 |       ||     1
  Use: Scroll            |       |     5 |     3 ||     8
       Potion            |       |     7 |       ||     7
 Stab: Sleeping          |     1 |     1 |       ||     2
Armor: Robe              |    14 |    13 |       ||    27
       Ring mail         |       |    13 |       ||    13
       Skin              |       |     5 |     2 ||     7
Dodge: Dodged            |    71 |    59 |       ||   130

Table legend: (Time is in decaauts)
 A = Elapsed time spent in this place.
 B = Non-inter-level travel time spent in this place.
 C = Inter-level travel time spent in this place.
 D = Time resting spent in this place.
 E = Time spent auto-exploring this place.
 F = Levels seen in this place.
 G = Mean time per level.
                   A        B        C        D        E       F      G
               +--------+--------+--------+--------+--------+-----+--------+
         Total |   1625 |   1543 |     82 |      0 |      0 |   6 |  270.8 |
       Dungeon |   1607 |   1525 |     82 |      0 |      0 |   5 |  321.4 |
       Ossuary |     17 |     17 |      0 |      0 |      0 |   1 |   17.0 |
               +--------+--------+--------+--------+--------+-----+--------+

Top non-repeatable levels by time:
     D:1: 502 daAuts
     D:3: 388 daAuts
     D:4: 274 daAuts
     D:2: 260 daAuts
     D:5: 182 daAuts
 Ossuary: 17 daAuts
